 Dungeon Crawl Stone Soup version 0.28.0-53-g5a82cb258f (webtiles) character file.

Game seed: 723368640981408558

15685 Sin92 the Fighter (level 12, -2/95 HPs)
             Began as a Demonspawn Fighter on June 27, 2022.
             Was a High Priest of Okawaru.
             Slain by a minotaur
             ... wielding a +1 glaive of flaming
              (17 damage)
             ... in a Gauntlet.
             The game lasted 00:32:07 (17053 turns).

Sin92 the Fighter (Demonspawn Fighter)             Turns: 17053, Time: 00:32:07

Health: -2/95      AC: 18    Str: 24    XL:     12   Next: 3%
Magic:  13/17      EV: 13    Int: 15    God:    Okawaru [*****.]
Gold:   959        SH:  7    Dex: 19    Spells: 11/11 levels left

rFire   . . .      SeeInvis .   u - +7 broad axe of Arbitration {vorpal, rElec rCorr Str+4}
rCold   . . .      Faith    +   c - +0 buckler
rNeg    . . .      Spirit   .   F - +5 plate armour
rPois   .          Reflect  .   (no helmet)
rElec   +          Harm     .   (cloak unavailable)
rCorr   +          Rampage  .   (no gloves)
Will    .....      NoTele   +   (no boots)
Stlth   ..........              y - amulet of faith
HPRegen 0.25/turn               i - +6 ring of dexterity
MPRegen 0.15/turn               H - +4 ring of evasion

@: mighty, finesse-ful, studying Short Blades
A: icemail 1, big brain 2, condensation shield, weakness stinger 3
a: Renounce Religion, Heroism, Finesse, Duel


You were in a Gauntlet.
You worshipped Okawaru.
Okawaru was extremely pleased with you.
You visited 2 branches of the dungeon, and saw 14 of its levels.
You also visited: Sewer, Ossuary and Gauntlet.

You collected 959 gold pieces.

Inventory:

Hand Weapons
 b - a +3 mace
 u - the +7 broad axe of Arbitration (weapon) {vorpal, rElec rCorr Str+4}
   (You acquired it on level 9 of the Dungeon)

   It inflicts extra damage upon your enemies.
   Str:       It affects your strength (+4).
   rElec:     It insulates you from electricity.
   rCorr:     It protects you from acid and corrosion.
 N - a +2 war axe of freezing
Missiles
 r - a throwing net (quivered)
 t - 4 silver javelins
Armour
 c - a +0 buckler (worn)
 F - a +5 plate armour (worn)
Jewellery
 a - the ring "Vanor" {rElec Will+ MP+9 Str-5}
   (You found it in a Gauntlet)

   [ring of magical power]

   Str:       It affects your strength (-5).
   rElec:     It insulates you from electricity.
   MP:        It affects your magic capacity (+9).
   Will:      It increases your willpower.
 e - an amulet of guardian spirit
 i - a +6 ring of dexterity (left hand)
 j - the ring of Febouvue {Str+6 Dex+4}
   (You found it in a Gauntlet)

   [ring of strength]

   Str:       It affects your strength (+6).
   Dex:       It affects your dexterity (+4).
 y - an amulet of faith (around neck)
 G - a ring of resist corrosion
 H - a +4 ring of evasion (right hand)
Wands
 D - a wand of flame (28)
Scrolls
 g - 3 scrolls of identify
 m - 3 scrolls of enchant weapon
 p - 5 scrolls of teleportation
 s - a scroll of summoning
 w - a scroll of magic mapping
 x - 2 scrolls of blinking
Potions
 d - 2 potions of might
 f - 4 potions of curing
 h - 3 potions of ambrosia
 l - a potion of degeneration
 n - 3 potions of brilliance
 o - 3 potions of heal wounds
 q - 2 potions of magic
 v - 4 potions of flight
 z - 4 potions of mutation
 K - a potion of berserk rage
 L - a potion of lignification


   Skills:
 + Level 9.3 Fighting
 * Level 9.2 Axes
 + Level 8.5 Armour
 + Level 5.2 Dodging
 + Level 8.5 Shields
 + Level 7.5 Invocations


You had 11 spell levels left.
You didn't know any spells.
Your spell library contained the following spells:

 Spells                   Type           Power      Damage    Failure   Level
 Magic Dart               Conj           0%         1d3       99%         1
 Pain                     Necr           0%         1d4       99%         1
 Sandblast                Erth           0%         2d4       99%         1
 Slow                     Hex            0%         N/A       99%         1
 Passwall                 Tmut/Erth      0%         N/A       99%         2
 Searing Ray              Conj           0%         2d4       99%         2
 Stone Arrow              Conj/Erth      0%         3d7       100%        3
 Vampiric Draining        Necr           0%         2d6       100%        3
 Airstrike                Air            0%         N/A       100%        4
 Fulminant Prism          Conj/Hex       0%         3d6       100%        4
 Borgnjor's Vile Clutch   Necr/Erth      0%         N/A       100%        5
 Lightning Bolt           Conj/Air       0%         1d11      100%        5
 Lehudib's Crystal Spear  Conj/Erth      0%         10d2      100%        8
 Animate Skeleton         Necr           Unusable   N/A       N/A         1
 Animate Armour           Summ/Erth      Unusable   N/A       N/A         4
 Animate Dead             Necr           Unusable   N/A       N/A         4
 Summon Lightning Spire   Summ/Air       Unusable   N/A       N/A         4
 Death Channel            Necr           Unusable   N/A       N/A         6

Dungeon Overview and Level Annotations

Branches:
Dungeon (12/15)            Temple (0/1) D:7            Lair (2/6) D:10
 Shoals (0/4) Lair:2       Spider (0/4) Lair:2        Sewer (visited)
Ossuary (visited)         Gauntlet (1/1)
    Orc: D:9-12

Altars:
Cheibriados
Dithmenos
Fedhas
Gozag
Nemelex Xobeh
Okawaru
Qazlal
Ru
Sif Muna
Trog
Vehumet
Wu Jian
Yredelemnul
Beogh

Shops:
D:6 (   D:8 *   D:10 [

Annotations:
D:5 3 runed translucent doors, KrombopulosMichael's ghost, novice FoAM
D:6 3 runed translucent doors, Zeld's ghost, novice DECj Gauntlet 17 runed translucent doors, 4 transporters


Innate Abilities, Weirdness & Mutations

A meltable icy envelope protects you from harm. (AC +0)
You have an extremely huge brain. (Int +4)
A meltable shield of frost defends you. (SH +0)
You have a sharp stinger which inflicts weakening toxins.


Message History

Your hands slow down.
The wolf howls!
You block the wolf's attack. The wolf barely misses you.
You slash the wolf!
Your tail-slap misses the wolf.
The wolf is heavily wounded.
You block the wolf's attack. The wolf closely misses you.
You slash the wolf!
You kill the wolf!
Okawaru accepts your kill.
You see here a wolf corpse.
d - 3 potions of might (gained 1)
There is a transporter here.
You enter the transporter and appear at another place.
Okay, then.
You can now deal lightning-fast blows.
Found a +0 bardiche.
Found a gate leading back out of this place.
The minotaur bellows!
The minotaur hits you from afar with a +1 glaive of flaming.
Your icy defenses dissipate!
The minotaur burns you.
The minotaur hits you with a +1 glaive of flaming!
The minotaur burns you. You block the minotaur's attack.
You hit the minotaur.
The minotaur is lightly wounded.
You slash the minotaur!
The minotaur is lightly wounded.
The minotaur hits you with a +1 glaive of flaming!
The minotaur burns you.
The minotaur gores you but does no damage.
You barely miss the minotaur.
The minotaur is lightly wounded.
The minotaur barely misses you. The minotaur gores you!
You hit the minotaur but do no damage.
The minotaur is lightly wounded.
You feel very mighty all of a sudden.
The minotaur hits you with a +1 glaive of flaming!!
* * * LOW HITPOINT WARNING * * *
The minotaur burns you!
You die...

..#.$#..#####
.##.[#..#≈8≈#
©.#.©#..#...######
.##.)#..#.8.##...#
..#..#..#...##.#.#
.##..#..#.8....#.#
.....#..#...##.#.#
######..#...##...#
.......≈#.©.##.#@#
.......∩#......#.H....⌠+
.......≈#.©.##.#.##∩...#
######..#...##...# .⌠.#
.....#..#...##.#.# +##
.##..#..#.8....#.#
#..#.#..#...##.#.#
#..#.#..#.8.##...#
###.©#..#...####


You could see a minotaur.

Vanquished Creatures
  A hydra (Lair:2)
  A two-headed ogre (D:8)
  3 death yaks (D:10)
  Urug (D:10)
  A soul eater (Gauntlet)
  A skeletal warrior (D:10)
  A necromancer (Gauntlet)
  A black mamba (Lair:1)
  A komodo dragon (Lair:1)
  2 trolls
  A queen bee (Lair:1)
  A slime creature (shapeshifter) (Gauntlet)
  Prince Ribbit (D:6)
  3 wraiths (D:10)
  8 yaks
  2 wyverns
  A shadow (D:10)
  3 vampire mosquitoes (D:10)
  2 humans (D:7)
  2 steam dragons
  4 orc warriors
  3 water moccasins
  2 ice beasts (D:6)
  2 black bears
  Pargi (Sewer)
  An ogre (D:5)
  6 centaurs
  2 necrophages (D:6)
  3 wolves (Gauntlet)
  A phantom (D:4)
  4 kobold brigands
  3 scorpions
  5 bullfrogs
  A wyvern zombie (D:5)
  23 killer bees
  4 wights (D:9)
  5 howler monkeys
  4 centaur zombies
  5 orc priests
  3 hounds
  3 jellies
  3 gnoll shamans
  Ijyb (D:5)
  3 iguanas
  2 bullfrog skeletons
  7 orc wizards
  3 hell rats (D:10)
  A killer bee zombie (D:7)
  13 mummies (Ossuary)
  2 howler monkey zombies
  13 gnolls
  A howler monkey skeleton (D:5)
  8 adders
  2 river rats (D:10)
  2 shadow imps (Gauntlet)
  2 worms (D:6)
  3 dart slugs
  28 orcs
  4 endoplasms
  4 giant cockroaches
  5 hobgoblins
  17 kobolds
  5 quokkas
  10 ball pythons
  5 bats
  8 frilled lizards
  4 gnoll skeletons (Ossuary)
  5 goblins
  2 goblin skeletons (Ossuary)
  2 kobold skeletons (Ossuary)
  7 rats
  11 rat skeletons (Ossuary)
305 creatures vanquished.

Vanquished Creatures (others)
  A sky beast (D:7)
  A centaur zombie (D:8)
  13 fungi
  16 plants
31 creatures vanquished.

Grand Total: 336 creatures vanquished

Notes
Turn   | Place    | Note
-------+----------+-------------------------------------------
     0 | D:1      | Sin92 the Demonspawn Fighter began the quest for the Orb.
     0 | D:1      | Reached XP level 1. HP: 18/18 MP: 1/1
    65 | D:1      | Found a faded altar of an unknown god.
    74 | D:1      | Got Plato's Papyrus of Bewitchment
   337 | D:1      | Gained mutation: You have an unusually large brain. (Int
                  | +2) [demonic ancestry]
   337 | D:1      | Reached XP level 2. HP: 24/24 MP: 2/2
  1058 | D:2      | Gained mutation: You have a small tail. [demonic ancestry]
  1058 | D:2      | Reached XP level 3. HP: 23/29 MP: 3/3
  2023 | D:3      | Reached XP level 4. HP: 33/36 MP: 2/4
  2276 | D:3      | Found a sparkling altar of Nemelex Xobeh.
  2511 | D:3      | Gained mutation: You have a tail ending in a sharp stinger.
                  | [demonic ancestry]
  2511 | D:3      | Reached XP level 5. HP: 42/42 MP: 5/5
  2544 | D:3      | Found a shadowy altar of Dithmenos.
  3064 | D:3      | Found a basalt altar of Yredelemnul.
  3125 | D:4      | Noticed a phantom
  3135 | D:4      | Killed a phantom
  3136 | D:4      | Gained mutation: You have an extremely huge brain. (Int +4)
                  | [demonic ancestry]
  3136 | D:4      | Reached XP level 6. HP: 35/49 MP: 3/6
  3398 | D:4      | Found a radiant altar of Vehumet.
  3531 | D:4      | Found a sacrificial altar of Ru.
  3572 | D:4      | Found an ornate altar of the Wu Jian Council.
  3709 | D:5      | Entered Level 5 of the Dungeon
  3750 | D:5      | Reached XP level 7. HP: 40/55 MP: 4/7
  4434 | D:5      | Reached skill level 5 in Fighting
  4838 | D:5      | Found a snail-covered altar of Cheibriados.
  5102 | D:5      | Noticed Ijyb
  5126 | D:5      | Killed Ijyb
  5401 | D:5      | Found a runed translucent gate.
  5401 | D:5      | Found a runed translucent gate.
  5401 | D:5      | Found a runed translucent gate.
  5401 | D:5      | Noticed KrombopulosMichael's ghost (novice FoAM)
  5440 | D:5      | Reached skill level 5 in Shields
  5846 | D:6      | Found a blossoming altar of Fedhas.
  5866 | D:6      | Reached skill level 5 in Armour
  5866 | D:6      | Gained mutation: A meltable shield of frost defends you.
                  | (SH +0) [demonic ancestry]
  5866 | D:6      | Reached XP level 8. HP: 54/63 MP: 6/8
  5894 | D:6      | Found Foberch's Weapon Emporium.
  6014 | D:6      | Found a runed translucent gate.
  6015 | D:6      | Found a runed translucent gate.
  6016 | D:6      | Found a runed translucent gate.
  6018 | D:6      | Noticed a kobold demonologist
  6021 | D:6      | Noticed Zeld's ghost (novice DECj)
  6114 | D:6      | Reached skill level 5 in Axes
  6144 | D:6      | Found a glowing drain.
  6173 | Sewer    | Entered a sewer
  6283 | Sewer    | Noticed Pargi
  6297 | Sewer    | Killed Pargi
  6527 | D:6      | Noticed Prince Ribbit
  6555 | D:6      | Killed Prince Ribbit
  6556 | D:6      | Gained mutation: A meltable icy envelope protects you from
                  | harm. (AC +0) [demonic ancestry]
  6556 | D:6      | Reached XP level 9. HP: 21/71 MP: 5/9
  7613 | D:7      | Found an iron altar of Okawaru.
  7635 | D:7      | Became a worshipper of Warmaster Okawaru
  7987 | D:7      | Found a sand-covered staircase.
  7994 | Ossuary  | Entered an ossuary
  8200 | Ossuary  | Reached skill level 1 in Invocations
  8593 | D:7      | Reached skill level 1 in Dodging
  8596 | D:7      | Reached * piety under Okawaru
  9073 | D:7      | Found a staircase to the Ecumenical Temple.
  9334 | D:7      | Reached XP level 10. HP: 75/79 MP: 12/12
  9528 | D:8      | Reached ** piety under Okawaru
  9833 | D:8      | Found an opulent altar of Gozag.
  9842 | D:8      | Found Gozag's Platinum Reserve.
 10090 | D:8      | Noticed a two-headed ogre
 10099 | D:8      | Killed a two-headed ogre
 10494 | D:8      | Reached *** piety under Okawaru
 11158 | D:9      | Received a gift from Okawaru
 11321 | D:9      | Identified a scroll of acquirement
 11321 | D:9      | Acquired the +7 broad axe of Arbitration {vorpal, rElec
                  | rCorr Str+4}
 11551 | D:9      | Reached **** piety under Okawaru
 11552 | D:9      | Reached skill level 5 in Invocations
 11769 | D:9      | Found a shimmering blue altar of Sif Muna.
 11998 | D:10     | Entered Level 10 of the Dungeon
 12209 | D:10     | Found a bloodstained altar of Trog.
 12334 | D:10     | Noticed a death yak
 12336 | D:10     | Found a staircase to the Lair.
 12336 | D:10     | Noticed a death yak
 12337 | D:10     | Noticed a death yak
 12353 | D:10     | Killed a death yak
 12354 | D:10     | Gained mutation: You have a sharp stinger which inflicts
                  | weakening toxins. [demonic ancestry]
 12354 | D:10     | Reached XP level 11. HP: 32/87 MP: 13/15
 12373 | D:10     | Killed a death yak
 12378 | D:10     | HP: 4/87 [death yak (8)]
 12808 | D:10     | Killed a death yak
 12808 | D:10     | Reached ***** piety under Okawaru
 12985 | D:10     | Noticed Urug
 12999 | D:10     | Killed Urug
 13001 | D:10     | Found Gofy's Armour Emporium.
 13319 | D:10     | Found a stormy altar of Qazlal.
 13476 | D:10     | Noticed a skeletal warrior
 13501 | D:10     | Killed a skeletal warrior
 13510 | D:10     | Found the +5 scythe "Finisher" {speed, eviscerate}
 14087 | Lair:1   | Entered Level 1 of the Lair of Beasts
 14755 | Lair:1   | Noticed a seven-headed hydra
 15518 | D:12     | Noticed a boulder beetle
 16468 | Lair:2   | Noticed an eight-headed hydra
 16480 | Lair:2   | Killed an eight-headed hydra
 16481 | Lair:2   | Reached skill level 5 in Dodging
 16537 | Lair:2   | Found a gate leading to a gauntlet.
 16549 | Gauntlet | Entered a Gauntlet
 16549 | Gauntlet | Noticed a death scarab
 16549 | Gauntlet | Found a large runed translucent door.
 16549 | Gauntlet | Found a large runed translucent door.
 16549 | Gauntlet | Found a large runed translucent door.
 16549 | Gauntlet | Found a large runed translucent door.
 16549 | Gauntlet | Found a large runed translucent door.
 16549 | Gauntlet | Found a large runed translucent door.
 16549 | Gauntlet | Found a large runed translucent door.
 16549 | Gauntlet | Found a large runed translucent door.
 16549 | Gauntlet | Found a runed translucent door.
 16549 | Gauntlet | Found a runed translucent gate.
 16549 | Gauntlet | Found a transporter.
 16549 | Gauntlet | Found a transporter.
 16549 | Gauntlet | Found a runed translucent gate.
 16549 | Gauntlet | Found a transporter.
 16549 | Gauntlet | Found a transporter.
 16552 | Gauntlet | Noticed a death scarab
 16553 | Gauntlet | Found a transporter.
 16555 | Gauntlet | Noticed a wolf spider
 16560 | Gauntlet | Noticed an entropy weaver
 16560 | Gauntlet | Noticed a necromancer
 16565 | Gauntlet | Found a transporter.
 16568 | Gauntlet | Noticed a minotaur
 16623 | Gauntlet | Found a runed translucent door.
 16624 | Gauntlet | Found a large runed translucent door.
 16624 | Gauntlet | Found a large runed translucent door.
 16624 | Gauntlet | Found a large runed translucent door.
 16624 | Gauntlet | Found a large runed translucent door.
 16625 | Gauntlet | Found a large runed translucent door.
 16625 | Gauntlet | Found a large runed translucent door.
 16626 | Gauntlet | Found a large runed translucent door.
 16626 | Gauntlet | Found a large runed translucent door.
 16630 | Gauntlet | Found a transporter.
 16640 | Gauntlet | Noticed a soul eater
 16642 | Gauntlet | Found a transporter.
 16656 | Gauntlet | Found a transporter.
 16660 | Gauntlet | Noticed a catoblepas
 16666 | Gauntlet | Found a transporter.
 16681 | Gauntlet | Found a transporter.
 16687 | Gauntlet | Found a transporter.
 16710 | Gauntlet | Found a runed translucent gate.
 16960 | Gauntlet | Identified the ring "Vanor" {rElec Will+ MP+9 Str-5}
 16991 | Gauntlet | Killed a soul eater
 17006 | Gauntlet | Identified the ring of Febouvue {Str+6 Dex+4}
 17023 | Gauntlet | Killed a necromancer
 17023 | Gauntlet | Received a gift from Okawaru
 17024 | Gauntlet | Reached XP level 12. HP: 89/95 MP: 15/17
 17053 | Gauntlet | Slain by a minotaur

Illustrated notes

Levels and vault maps discovered:
D:1:      dpeg_arrival_tiny_g, layout_basic, shapermc_ecumenical_altar_rom_forum
D:2:      layout_basic
D:3:      layout_loops_cross, mainiacjoe_overflow_alcove_2,
          mainiacjoe_overflow_six_doors_small, nemelex_spade_bored_becter,
          kennysheep_cluttered_room, kennysheep_orc_chapel
D:4:      layout_rooms, mainiacjoe_overflow_surrounded_room,
          nicolae_ru_the_path_less_chosen, pdpol_wu_jian_five_deadly_venoms
D:5:      layout_layer_cave, old_standard_altar, gammafunk_ghost_necromancy,
          uniq_ijyb
D:6:      layout_loops_corners, nicolae_overflow_crystal_walls,
          cheibrodos_sewer_entry_sluice, gammafunk_ghost_nasty_kobolds,
          serial_shops, nicolae_diamond_shop, uniq_prince_ribbit1
D:7:      layout_loops_ring, okawaru_humans,
          minmay_temple_entry_statues_fountains, enter_ossuary_2,
          minmay_manual_mares
D:8:      layout_gridville, nicolae_gozag_zags_fifth_avenue, grunt_tough_drop
D:9:      layout_basic, led_sif_pool
D:10:     layout_loops_cross, nicolae_qazlal_eye_of_the_storm,
          lemuel_round_altar, dpeg_lair_monsters, serial_shops, shop_fountains,
          minmay_guarded_unrand_finisher, uniq_urug
D:11:     layout_roguey
D:12:     layout_roguey, orc_0_dummy, grunt_ministairs_12
Lair:1:   layout_cellular_growth, special_room [special_room_bee],
          lemuel_fruit_fields
Lair:2:   layout_loops_ring, shoals_dummy_entry, spider_nest_entry_webs,
          gauntlet_entry_generic, beast_lair_carwin_2
Gauntlet: gammafunk_gauntlet_shortcut [nicolae_gauntlet_arena_t_cross,
          gammafunk_gauntlet_arena_teeth,
          minmay_gauntlet_arena_make_your_own_arena,
          gammafunk_gauntlet_arena_crates, gammafunk_gauntlet_arena_hedges,
          nicolae_gauntlet_arena_quarters, gauntlet_exit_hidden_loot]

Skill      XL: |  1  2  3  4  5  6  7  8  9 10 11 |
---------------+----------------------------------+-----
Axes           | 2 3 4 5 6 7 9 |  9.2
Armour         | 3 4 5 6 7 8 |  8.5
Shields        | 3 4 5 6 7 8 |  8.5
Fighting       | 4 5 6 7 8 9 |  9.3
Invocations    | 2 5 7 |  7.5
Dodging        | 2 3 5 |  5.2

Action                   |  1- 3 |  4- 6 |  7- 9 | 10-12 || total
-------------------------+-------+-------+-------+-------++-------
Melee: War axe           |    84 |   108 |   360 |   158 ||   710
       Tailslap          |     2 |    15 |    60 |    61 ||   138
       Broad axe         |       |       |       |   236 ||   236
       Mace              |       |       |       |     8 ||     8
Throw: Throwing net      |       |       |       |     1 ||     1
Invok: Heroism           |       |       |       |     3 ||     3
       Finesse           |       |       |       |     4 ||     4
  Use: Scroll            |     7 |     2 |     2 |    20 ||    31
       Potion            |       |       |     2 |     6 ||     8
Armor: Scale mail        |    19 |       |       |       ||    19
       Chain mail        |    11 |    74 |   199 |    21 ||   305
       Plate armour      |       |       |       |   220 ||   220
Dodge: Dodged            |    40 |    22 |   120 |   238 ||   420
Block: Buckler           |    20 |    28 |   171 |   295 ||   514
